Map: Sacrifice tropical

Players

Percival

  • Race: Terran Terran
  • League: Master
  • Spawn Location: 1:00

GuMiho - Winner!

  • Race: Terran Terran
  • League: Master
  • Spawn Location: 7:00

VOD

Have the link to the VOD?

Description

Time

  • Played on: Oct. 20, 2022, 7:22 a.m.
  • Length: 8:46
Show
View Real Time Build Order
Export as new Build Order

Percival Terran 

Build Orders:  

Get SALT Encoding   

  12  0:00  SCV  
  13  0:12  SCV  
  14  0:17  Supply Depot  
  14  0:24  SCV  
  15  0:39  SCV  
  15  0:40  Barracks  
  16  0:45  Refinery  
  16  0:51  SCV  
  16  0:55  Refinery  
  17  1:03  SCV  
  18  1:15  SCV  
  19  1:29  Supply Depot, Reaper, Orbital Command  
  20  1:43  Factory  
  20  1:55  SCV  
  20  2:01  Reaper  
  22  2:07  SCV  
  23  2:18  Command Center  
  23  2:21  SCV  
  24  2:27  Hellion  
  26  2:33  Reaper, SCV  
  28  2:48  SCV, Hellion  
  30  2:52  Supply Depot  
  30  3:00  SCV, Starport  
  31  3:06  Barracks Reactor  
  31  3:10  Factory Tech Lab  
  31  3:14  SCV  
  32  3:26  SCV  
  32  3:27  Refinery  
  32  3:31  Orbital Command  
  32  3:34  Factory Tech Lab  
  32  3:38  SCV  
  33  3:44  Marine x2  
  33  3:46  Raven  
  37  3:50  SCV  
  37  3:53  Siege Tank  
  41  3:59  SCV  
  41  4:02  SCV  
  41  4:03  Marine x2  
  44  4:11  SCV  
  44  4:15  SCV  
  46  4:23  SCV  
  49  4:27  Supply Depot x2  
  49  4:28  SCV  
  49  4:31  Raven  
  52  4:36  SCV, Siege Tank  
  54  4:45  Supply Depot  
  54  4:48  SCV, Marine x2  
  54  4:49  SCV  
  58  5:00  SCV  
  58  5:01  SCV  
  58  5:06  Command Center  
  58  5:17  Siege Tank  
  58  5:18  SCV  
  58  5:19  SCV  
  62  5:28  Viking x2  
  62  5:29  Stimpack, Marine  
  62  5:31  SCV x2  
  62  5:33  Refinery  
  68  5:43  SCV x2  
  68  5:49  Siege Tank  
  73  5:55  SCV x2  
  73  6:04  Viking  
  73  6:05  Viking  
  73  6:07  SCV  
  78  6:14  Supply Depot x2  
  78  6:17  SCV, Marine  
  80  6:21  Siege Tank, Orbital Command  
  80  6:25  SCV  
  84  6:30  SCV  
  85  6:35  Marine  
  85  6:36  Viking x2  
  90  6:40  SCV  
  90  6:42  SCV  
  91  6:51  SCV  
  91  6:52  SCV  
  91  6:53  Marine  
  88  6:58  Siege Tank  
  91  7:03  SCV x2  
  91  7:06  SCV, Barracks x2  
  94  7:11  Marine  
  94  7:15  SCV x2  
  86  7:20  SCV  
  85  7:27  SCV x2  
  85  7:28  Marine  
  85  7:29  Viking x2  
  92  7:32  SCV  
  93  7:37  Siege Tank  
  93  7:39  SCV  
  93  7:41  Engineering Bay  
  93  7:42  SCV  
  93  7:43  Engineering Bay  
  98  7:44  SCV  
  98  7:46  Marine  
  98  7:51  SCV  
  101  7:56  Barracks Reactor  
  101  7:57  Barracks Reactor  
  101  7:59  Barracks, SCV x2  
  101  8:04  Marine  
  102  8:08  SCV  
  102  8:09  Siege Tank  
  102  8:11  SCV x2  
  90  8:20  SCV  
  90  8:22  Marine  
  90  8:25  Barracks  
Show
View Real Time Build Order
Export as new Build Order

GuMiho Terran - Winner!

Build Orders: Reaper Expand 

Get SALT Encoding   

  12  0:00  SCV  
  13  0:12  SCV  
  14  0:17  Supply Depot  
  14  0:24  SCV  
  15  0:39  SCV  
  15  0:40  Barracks  
  16  0:43  Refinery  
  16  0:51  SCV  
  17  1:03  SCV  
  18  1:15  SCV  
  19  1:27  Reaper, Orbital Command  
  20  1:41  Command Center  
  20  1:49  Supply Depot  
  20  1:53  SCV  
  21  1:59  Marine  
  22  2:05  SCV  
  23  2:09  Factory  
  23  2:17  SCV, Marine  
  23  2:19  Bunker  
  25  2:29  SCV  
  26  2:31  Refinery  
  26  2:34  Marine  
  27  2:41  SCV  
  28  2:53  SCV, Orbital Command  
  28  2:56  Hellion  
  31  2:59  Starport  
  31  3:06  SCV  
  31  3:11  Barracks Reactor  
  32  3:17  Hellion  
  32  3:18  SCV  
  35  3:22  SCV  
  36  3:30  Supply Depot, SCV  
  38  3:34  SCV  
  38  3:35  Starport Tech Lab  
  38  3:39  Hellion  
  40  3:42  SCV  
  40  3:46  SCV  
  40  3:48  Marine x2  
  43  3:52  Supply Depot  
  43  3:53  Raven  
  43  3:54  SCV  
  45  4:08  SCV x2  
  47  4:10  Marine x2  
  47  4:11  Factory Tech Lab  
  48  4:20  SCV  
  48  4:23  SCV  
  48  4:27  Command Center  
  48  4:29  Refinery x2, Siege Tank  
  51  4:33  SCV  
  51  4:35  Supply Depot, SCV  
  53  4:39  Barracks  
  53  4:45  SCV, Starport Reactor, Barracks  
  54  4:47  SCV  
  54  4:50  Marine x2  
  57  4:56  Engineering Bay  
  57  4:57  SCV  
  57  4:59  Engineering Bay  
  58  5:02  SCV  
  59  5:08  Siege Tank  
  59  5:09  SCV  
  63  5:17  SCV  
  63  5:21  Supply Depot, SCV, Marine  
  64  5:24  Viking  
  64  5:26  Viking  
  64  5:28  Marine x2  
  69  5:34  Stimpack  
  70  5:39  Marine  
  70  5:41  Terran Infantry Armor Level 1, Terran Infantry Weapons Level 1  
  71  5:46  Marine, Orbital Command  
  72  5:52  Siege Tank  
  72  5:57  Viking  
  77  6:02  Viking  
  78  6:11  Marine x4  
  78  6:15  Supply Depot  
  78  6:18  Supply Depot  
  82  6:22  SCV  
  82  6:23  SCV  
  84  6:29  Siege Tank, Marine x4  
  91  6:34  SCV  
  91  6:36  SCV  
  93  6:46  Marine  
  93  6:47  Marine x3  
  97  7:01  Medivac x2, Siege Tank  
  104  7:04  SCV, Marine x2  
  104  7:05  Marine x2  
  107  7:14  Combat Shield  
  98  7:22  Marine x3  
  91  7:23  Marine  
  94  7:30  Supply Depot  
  94  7:31  Medivac x2  
  94  7:36  Siege Tank  
  101  7:40  Marine x3  
  101  7:43  Barracks  
  104  7:44  Barracks  
  104  7:46  SCV, Armory  
  104  7:51  Marine  
  106  7:58  Marine x2  
  105  8:15  Medivac  
  105  8:16  Medivac  
  105  8:17  Marine x2  
  105  8:19  Orbital Command  
  108  8:20  Marine  
  108  8:21  Marine  
Tags
 
Add a new tag
Caveats
  • Supply blocks, unpowered buildings, or Contaminate may cause inaccurate times.
  • Supply counts are checked every 10 seconds.